 Dungeon Crawl Stone Soup version 0.23.2-1-ga50397a (console) character file.

Game seed: 16655191530811257058

1827 Xtruder99 the Ducker (level 9, 0/73 HPs)
             Began as a Gnoll Monk on May 27, 2019.
             Was a Believer of Cheibriados.
             Killed by nerve-wracking pain
             ... invoked by an orc priest
              (1 damage)
             ... on level 6 of the Dungeon.
             The game lasted 00:24:08 (5888 turns).

Xtruder99 the Ducker (Gnoll Monk)                   Turns: 5888, Time: 00:24:09

Health: 0/73       AC:  7    Str: 20    XL:     9   Next: 11%
Magic:  14/14      EV: 17    Int: 17    God:    Cheibriados [**....]
Gold:   353        SH:  0    Dex: 22    Spells: 15/15 levels left

rFire    . . .     SeeInvis .   s - +0 battleaxe
rCold    + . .     Gourm    .   (shield currently unavailable)
rNeg     . . .     Faith    .   l - +0 ring mail
rPois    .         Spirit   .   (no helmet)
rElec    .         Reflect  .   (no cloak)
rCorr    .         Harm     .   f - +0 pair of gloves
MR       .....                  (no boots)
Stlth    ++........             (no amulet)
HPRegen  0.22/turn              t - ring of protection from cold
MPRegen  0.14/turn              r - ring of attention (curse)

@: very slow
A: distributed training, fangs 1, strong nose
a: Bend Time, Renounce Religion


You were on level 6 of the Dungeon.
You worshipped Cheibriados.
Cheibriados was pleased with you.
You were not hungry.

You visited 1 branch of the dungeon, and saw 6 of its levels.
You also visited: Ossuary.

You collected 353 gold pieces.

Inventory:

Hand Weapons
 a - a +0 hand axe
 e - a +1 whip of flaming
 i - a +0 dagger
 s - a +0 battleaxe (weapon)
Armour
 b - a +0 robe
 f - a +0 pair of gloves (worn)
 l - a +0 ring mail (worn)
Magical Staves
 h - an uncursed staff of fire
Jewellery
 d - an uncursed ring of magical power
 r - a cursed ring of attention (right hand)
 t - a ring of protection from cold (left hand)
Scrolls
 g - 2 scrolls of magic mapping
 k - 9 scrolls of identify
 x - a scroll of amnesia
 y - 2 scrolls of fear {unknown}
 z - 3 scrolls of teleportation
 A - 4 scrolls of remove curse {unknown}
Potions
 j - 3 potions of curing
 m - 4 potions of brilliance {unknown}
 n - a potion of haste
 o - a potion of lignification {unknown}
 p - a potion of flight {unknown}
 q - 2 potions of resistance {unknown}
 u - a potion of agility {unknown}
 v - a potion of degeneration {unknown}
 B - 2 potions of might {unknown}
Comestibles
 c - 7 rations
 C - 4 chunks of flesh


   Skills:
 + Level 7.6 Fighting
 + Level 3.8 Short Blades
 + Level 3.8 Long Blades
 + Level 7.6 Axes
 + Level 3.8 Maces & Flails
 + Level 3.8 Polearms
 + Level 3.8 Staves
 + Level 3.8 Slings
 + Level 3.8 Bows
 + Level 3.8 Crossbows
 + Level 3.8 Throwing
 + Level 3.8 Armour
 + Level 7.6 Dodging
 + Level 5.7 Stealth
 + Level 3.8 Shields
 + Level 3.8 Unarmed Combat
 + Level 3.8 Spellcasting
 + Level 3.1 Conjurations
 + Level 3.1 Hexes
 + Level 3.1 Charms
 + Level 3.1 Summonings
 + Level 3.1 Necromancy
 + Level 3.1 Translocations
 + Level 3.1 Transmutations
 + Level 3.1 Fire Magic
 + Level 3.1 Ice Magic
 + Level 3.1 Air Magic
 + Level 3.1 Earth Magic
 + Level 3.1 Poison Magic
 + Level 4.2 Invocations
 + Level 3.8 Evocations


You had 15 spell levels left.
You didn't know any spells.
Your spell library contained the following spells:

 Spells                   Type           Power        Failure   Level  Hunger
 Magic Dart               Conj           ##..         7%          1    None
 Blink                    Tloc           N/A          11%         2    ##.....
 Call Imp                 Summ           ##......     11%         2    ##.....
 Slow                     Hex            ##......     11%         2    ##.....
 Conjure Flame            Conj/Fire      ##......     22%         3    ###....
 Mephitic Cloud           Conj/Pois/Air  ##......     22%         3    ###....


Dungeon Overview and Level Annotations

Branches:
Dungeon (6/15)             Temple (0/1) D:5

Altars:
Cheibriados
Elyvilon
Fedhas
Qazlal
Uskayaw
Wu Jian

Annotations:
D:5 exclusion: oklob plant


Innate Abilities, Weirdness & Mutations

Your experience applies equally to all skills.
You have very sharp teeth.
Your uncanny sense of smell can sniff out nearby items.


Message History

Cheibriados appreciates the change of pace.
The orc priest looks satisfied for a moment.
You slash the orc!
You kill the orc!
Cheibriados appreciates the change of pace.
You closely miss the orc. The orc closely misses you.
You slash the orc!
You kill the orc!
Cheibriados appreciates the change of pace.
The orc priest looks satisfied for a moment.
The orc closely misses you.
You slice the orc!!
You kill the orc!
Cheibriados appreciates the change of pace.
The orc priest calls down the wrath of Beogh upon you.
Pain shoots through your body!
* * * LOW HITPOINT WARNING * * *
The orc priest invokes the aid of Beogh against you.
Pain shoots through your body!
You die...

#...###
#.....###
###...#
#####...#
###.#
#.#..## #.#
#.##... ##.#
#####.##...
#..#
#......##..
#.##
#..........
#)#
#......##..
#@#
##.###.####
#o# #.
#.##.. #.# .
##....# #.#
.. #..)###
#...#
#......#.###
....###
#..#####...#
....F# #
###.# ...#o
#.# .. . #..


You could see an orc priest.

Vanquished Creatures
  Pikel (D:4)
  A slave (D:4)
  2 orc warriors (D:6)
  An ice beast (D:5)
  2 ogres
  2 elf zombies (Ossuary)
  A bullfrog (D:6)
  A water moccasin skeleton (D:4)
  A scorpion (D:4)
  3 centaur zombies (Ossuary)
  A hound (D:6)
  A human zombie (Ossuary)
  An orc wizard (D:3)
  A centaur skeleton (D:4)
  2 iguanas (D:4)
  3 worker ants
  A big kobold zombie (Ossuary)
  A hound zombie (Ossuary)
  3 mummies (Ossuary)
  11 adders
  3 adder zombies (Ossuary)
  3 worms
  2 dart slugs
  7 leopard geckos
  11 orcs
  10 giant cockroaches
  8 goblins
  9 hobgoblins
  4 jackals (D:5)
  A quokka (D:2)
  2 ball pythons
  7 bats
  3 frilled lizards
  3 gnoll zombies (Ossuary)
  3 goblin zombies (Ossuary)
  2 hobgoblin zombies (Ossuary)
  2 jackal zombies (Ossuary)
  7 kobolds
  5 kobold zombies (Ossuary)
  A leopard gecko skeleton (D:4)
  2 orc zombies (Ossuary)
  A quokka skeleton (D:5)
  4 quokka zombies (Ossuary)
  9 rats
  3 rat zombies (Ossuary)
  6 fungi (D:5)
  9 plants (D:5)
167 creatures vanquished.

Vanquished Creatures (others)
  17 toadstools (D:5)
17 creatures vanquished.

Grand Total: 184 creatures vanquished

Notes
Turn   | Place    | Note
-------+----------+-------------------------------------------
     0 | D:1      | Xtruder99 the Gnoll Monk began the quest for the Orb.
     0 | D:1      | Reached XP level 1. HP: 23/23 MP: 1/1
   122 | D:1      | Reached XP level 2. HP: 27/29 MP: 2/2
   884 | D:2      | Reached XP level 3. HP: 35/35 MP: 3/3
  1016 | D:2      | Reached skill level 1 in Invocations
  1408 | D:2      | Found a hide-covered altar of Uskayaw.
  1417 | D:2      | Noticed a -1 dagger
  1417 | D:2      | Noticed a +0 hand axe
  1495 | D:2      | Reached skill level 1 in Short Blades
  1495 | D:2      | Reached skill level 1 in Long Blades
  1495 | D:2      | Reached skill level 1 in Maces & Flails
  1495 | D:2      | Reached skill level 1 in Polearms
  1495 | D:2      | Reached skill level 1 in Staves
  1495 | D:2      | Reached skill level 1 in Slings
  1495 | D:2      | Reached skill level 1 in Bows
  1495 | D:2      | Reached skill level 1 in Crossbows
  1495 | D:2      | Reached skill level 1 in Throwing
  1495 | D:2      | Reached skill level 1 in Armour
  1495 | D:2      | Reached skill level 1 in Shields
  1495 | D:2      | Reached skill level 1 in Unarmed Combat
  1495 | D:2      | Reached skill level 1 in Spellcasting
  1495 | D:2      | Reached skill level 1 in Evocations
  1495 | D:2      | Reached XP level 4. HP: 37/41 MP: 5/5
  1541 | D:2      | Found a blossoming altar of Fedhas.
  1960 | D:3      | Reached skill level 1 in Conjurations
  1960 | D:3      | Reached skill level 1 in Hexes
  1960 | D:3      | Reached skill level 1 in Charms
  1960 | D:3      | Reached skill level 1 in Summonings
  1960 | D:3      | Reached skill level 1 in Necromancy
  1960 | D:3      | Reached skill level 1 in Translocations
  1960 | D:3      | Reached skill level 1 in Transmutations
  1960 | D:3      | Reached skill level 1 in Fire Magic
  1960 | D:3      | Reached skill level 1 in Ice Magic
  1960 | D:3      | Reached skill level 1 in Air Magic
  1960 | D:3      | Reached skill level 1 in Earth Magic
  1960 | D:3      | Reached skill level 1 in Poison Magic
  2042 | D:3      | Reached XP level 5. HP: 47/47 MP: 6/6
  2690 | D:4      | Reached XP level 6. HP: 43/53 MP: 8/8
  2928 | D:4      | Found an ornate altar of the Wu Jian Council.
  3464 | D:4      | Noticed a slave
  3464 | D:4      | Noticed a slave
  3465 | D:4      | Noticed Pikel
  3477 | D:4      | Noticed a slave
  3477 | D:4      | Noticed a slave
  3496 | D:4      | Killed a slave
  3497 | D:4      | Killed Pikel
  3497 | D:4      | Reached skill level 5 in Stealth
  3497 | D:4      | Reached XP level 7. HP: 30/60 MP: 9/11
  3702 | D:4      | Reached XP level 8. HP: 54/67 MP: 12/12
  4171 | D:5      | Entered Level 5 of the Dungeon
  4298 | D:5      | Found a staircase to the Ecumenical Temple.
  4342 | D:5      | Found a snail-covered altar of Cheibriados.
  4410 | D:5      | Found a blossoming altar of Fedhas.
  4448 | D:5      | Found a white marble altar of Elyvilon.
  4536 | D:5      | Found a sand-covered staircase.
  4550 | Ossuary  | Entered an ossuary
  5103 | D:5      | Found a stormy altar of Qazlal.
  5357 | D:5      | Noticed an oklob plant
  5584 | D:5      | Became a worshipper of Cheibriados the Contemplative
  5584 | D:5      | Reached * piety under Cheibriados
  5584 | D:5      | Reached ** piety under Cheibriados
  5875 | D:6      | Reached XP level 9. HP: 26/72 MP: 14/14
  5876 | D:6      | HP: 3/72 [orc warrior/+0 halberd (24)]
  5887 | D:6      | HP: 1/73 [orc priest/nerve-wracking pain (9)]
  5888 | D:6      | Killed from afar by an orc priest

Skill      XL: |  1  2  3  4  5  6  7  8 |
---------------+-------------------------+-----
Invocations    | 1 2 3 4 |  4.2
Short Blades   | 1 2 3 |  3.8
Long Blades    | 1 2 3 |  3.8
Maces & Flails | 1 2 3 |  3.8
Polearms       | 1 2 3 |  3.8
Staves         | 1 2 3 |  3.8
Slings         | 1 2 3 |  3.8
Bows           | 1 2 3 |  3.8
Crossbows      | 1 2 3 |  3.8
Throwing       | 1 2 3 |  3.8
Armour         | 1 2 3 |  3.8
Shields        | 1 2 3 |  3.8
Unarmed Combat | 1 2 3 |  3.8
Spellcasting   | 1 2 3 |  3.8
Evocations     | 1 2 3 |  3.8
Conjurations   | 1 2 3 |  3.1
Hexes          | 1 2 3 |  3.1
Charms         | 1 2 3 |  3.1
Summonings     | 1 2 3 |  3.1
Necromancy     | 1 2 3 |  3.1
Translocations | 1 2 3 |  3.1
Transmutations | 1 2 3 |  3.1
Fire Magic     | 1 2 3 |  3.1
Ice Magic      | 1 2 3 |  3.1
Air Magic      | 1 2 3 |  3.1
Earth Magic    | 1 2 3 |  3.1
Poison Magic   | 1 2 3 |  3.1
Fighting       | 7 |  7.6
Axes           | 7 |  7.6
Dodging        | 7 |  7.6
Stealth        | 5 |  5.7

Action                   |  1- 3 |  4- 6 |  7- 9 || total
-------------------------+-------+-------+-------++-------
Melee: Hand axe          |    87 |   225 |       ||   312
       Bite              |     7 |    38 |    57 ||   102
       Dagger            |       |     5 |       ||     5
       Staff             |       |    30 |       ||    30
       Battleaxe         |       |    13 |   306 ||   319
       Punch             |       |     2 |       ||     2
  Use: Scroll            |       |     7 |     1 ||     8
       Potion            |       |     3 |     3 ||     6
 Stab: Sleeping          |    11 |     3 |       ||    14
       Distracted        |     1 |       |       ||     1
  Eat: Chunk             |       |     9 |     4 ||    13
       Ration            |       |       |     1 ||     1
Armor: Robe              |    10 |     3 |       ||    13
       Ring mail         |       |    47 |    50 ||    97
Dodge: Dodged            |    68 |   180 |   193 ||   441
